woodfighter, chaotic female giant Ranger ---- -------------------..| ----......@`^^^^^^^^^^^^-- |......--``u----------.^.| |.`.--...`.-- |..^| |`.`--.`.`.| ---^| |.``.`.....-- ---------+| |......`...>| |.........| --`---------- |.........| |..| |....<....| --..------- |.........| |.`.`.`...| |.........| |.........| ----------- ----------- woodfighter the Ranger Experience level: 7 Strength: 18/99 Dexterity: 11 Constitution: 17 Intelligence: 14 Wisdom: 14 Charisma: 7 Health: 0(58) Energy: 36(36) Def: 19 Gold: 0 Moves: 7110 Dungeon seed [set]: Game ID: woodfighter_1678369273 Your Inventory: Weapons a - a blessed +0 orcish bow (weapon in hand) j - 2 blessed +0 arrows (in quiver) l - 10 blessed +1 arrows x - 111 uncursed +0 arrows Armor g - an uncursed +0 pair of high boots (being worn) q - an uncursed +0 mummy wrapping N - an uncursed +2 dented pot (being worn) Y - an uncursed +1 large shield (being worn) Comestibles b - 4 uncursed cram rations i - 2 uncursed tins of rothe meat k - an uncursed tripe ration K - 3 uncursed food rations Rings z - an uncursed +2 ring of increase damage Wands u - an uncursed wand of striking (0:5) Tools s - an uncursed sack y - an uncursed silver key E - an uncursed door key S - an uncursed brass lantern (0:1262) W - an uncursed blindfold Gems e - 2 uncursed flints Boulders/Statues r - an uncursed boulder Contents of the sack: 2 uncursed eucalyptus leaves an uncursed ring of cold resistance an uncursed ring of fire resistance an uncursed ring of regeneration an uncursed wand of slow monster (0:3) Spells and supernatural/magical abilities: Name Level Category Fail Memory W - pray for help -- divine ? -- Your skills at the end: Miscellaneous Skills shield [Skilled] wands [Basic] Weapon Skills two-handed sword [Basic] sling [Basic] Spellcasting Skills Final Attributes: You were devoutly aligned. Your writing hand was ok. You were telepathic. You had automatic searching. You had infravision. You were somewhat stealthy. You were unlucky. You are dead. Vanquished creatures: a large mimic a panther a leprechaun an orc-captain an owlbear a yeti a raven an ape 2 rock piercers a pony 3 gnome lords a kobold mummy a gray ooze 3 paper golems a puppy 4 floating eyes a dwarf 3 iguanas 7 hill orcs 2 rothes a rabid rat 4 jitterbugs 4 orc zombies a wererat 7 killer bees a coyote a gas spore a hobbit 3 geckos 2 giant rats 8 cave spiders 2 brown molds a green mold 3 manes 8 jackals a fox a kobold 6 newts 4 sewer rats 8 grid bugs 2 bats 2 lichens a kobold zombie 109 creatures vanquished. Voluntary challenges: You did not cause conflict. You were not invisible. You did not have reflection. You were not displaced. You did not donate to any temples.. You never hit with a wielded weapon. You did not apply a unicorn horn. You did not use plumbed fixtures. You did not drink any magical draughts. You read items or engraved 1 time, starting on turn 6549. You never genocided any monsters. You never polymorphed an object. You never changed form. You cheated in Sokoban 1 time, without finishing. You used no wishes. You did not use any artifacts. You never split a pudding. You never wrote Elbereth's name. You never violated your personal moral code. You enabled loading special bones files. Dungeon overview: The Dungeons of Doom: levels 1 to 8 Level 1 a long staircase Level 2 a general store, an altar to Mercury Level 3 (vault) a vault stairs to The Gnomish Mines Level 4 a sink Level 5 (water + stash) Level 6 (vault) a vault, a fountain Level 7 many fountains Level 8 stairs to Sokoban The Gnomish Mines: Level 4 stairs to The Dungeons of Doom Sokoban: levels 6 to 7 Level 6 <- You were here Level 7 (black unicorn) an altar to Venus, a magic chest stairs to The Dungeons of Doom History has recorded: On T:1 you entered the Dungeons of Doom to retrieve the Amulet of Yendor! On T:203 you reached level 2 of The Dungeons of Doom. On T:482 you reached level 3 of The Dungeons of Doom. On T:578 you advanced to experience level 2. On T:845 you advanced to experience level 3. On T:1345 you reached level 1 of The Gnomish Mines. On T:1725 you reached level 4 of The Dungeons of Doom. On T:1929 you reached level 5 of The Dungeons of Doom. On T:2129 you advanced to experience level 4. On T:2926 you advanced to experience level 5. On T:3007 you reached level 6 of The Dungeons of Doom. On T:3767 you advanced to experience level 6. On T:4447 you reached level 7 of The Dungeons of Doom. On T:5300 you reached level 8 of The Dungeons of Doom. On T:5438 you advanced to experience level 7. On T:5576 you reached level 4 of Sokoban. On T:6528 you opened a magic chest. On T:6937 you reached level 3 of Sokoban. On T:7110 you prayed to Mars. Score breakdown: Gold: 0 ( 0 points) Experience: 7 levels ( 600 points) Exploration: 8 levels ( 210 points) Discoveries: 11 items ( 550 points) Variety of kills: 43 monsters ( 2000 points) Major goal: (nothing yet) ( 0 points) Survival: died (score multiplied by 3) Total score: 10080 Latest messages: The horse misses. You shoot 1 arrow. The arrow hits the horse. The horse misses. The horse bites! The horse misses. (4x) The arrow hits the horse. The horse misses. The horse bites! The horse kicks! The horse just misses! The arrow hits the horse. The horse kicks! The horse bites! The horse misses. (3x) The horse bites! You begin praying to Mars. The horse misses. The horse bites! The horse kicks! The horse bites! You die... Final status: Goodbye woodfighter the Ranger, killed by a horse, while praying... You died in Sokoban on dungeon level 6 with 10080 points, and 0 pieces of gold, after 7110 moves. You were level 7 with a maximum of 58 hit points when you died.